BR (22 & UNDER)
GRAND RAPIDS DUTCH OVENS @ ALABAMA SHAKES
08/26/2029
 
TOP OF THE 1ST
Grand Rapids Dutch Ovens batting - Pitching for Alabama Shakes : LHP Tony Ornelas
Pitching: LHP Tony Ornelas
Batting: RHB Earl Davis 0-0: DOUBLE (Line Drive, 8RD)
Batting: RHB Jason Philip 0-0: Fly out, F8 (Flyball, 8RXD)
Runner from 2nd tags up, SAFE at 3rd, no throw
Batting: RHB Víctor López 0-0: Called Strike
0-1: Ball
1-1: Foul Ball, location: 2F
1-2: Ball
2-2: Strikes out swinging
Batting: RHB Gustavo López 0-0: SINGLE (Groundball, 3D)
Earl Davis scores
Batting: RHB Ray Bray 0-0: Ball
1-0: Ball
Gustavo López steals 2nd base
2-0: Called Strike
2-1: Ball
3-1: Fly out, F8 (Flyball, 8LS)
Top of the 1st over - 1 run, 2 hits, 0 errors, 1 left on base; Grand Rapids 1 - Alabama 0
BOTTOM OF THE 1ST
Alabama Shakes batting - Pitching for Grand Rapids Dutch Ovens : RHP Jesús Gonzáles
Pitching: RHP Jesús Gonzáles
Batting: RHB Zhong-xian Pai 0-0: Called Strike
0-1: Ball
1-1: Fly out, F8 (Flyball, 8RM)
Batting: SHB Artie Adams 0-0: Foul Ball, location: 2F
0-1: Swinging Strike
0-2: SINGLE (Groundball, 34D)
Batting: RHB Joe Farrell 0-0: Fly out, F8 (Flyball, 8LM)
Batting: RHB Greg Nichols 0-0: Foul Ball, location: 2F
0-1: Fly out, F7 (Flyball, 7S)
Bottom of the 1st over - 0 runs, 1 hit, 0 errors, 1 left on base; Grand Rapids 1 - Alabama 0
TOP OF THE 2ND
Grand Rapids Dutch Ovens batting - Pitching for Alabama Shakes : LHP Tony Ornelas
Batting: RHB Mike Best 0-0: Called Strike
0-1: SINGLE (Groundball, 4MD)
Batting: RHB Ismael Mojica 0-0: Ball
1-0: Ball
2-0: Called Strike
2-1: Grounds into double play, 5-4-3 (Groundball, 5)
Batting: LHB Chris Russell 0-0: Ground out 4-3 (Groundball, 4)
Top of the 2nd over - 0 runs, 1 hit, 0 errors, 0 left on base; Grand Rapids 1 - Alabama 0
BOTTOM OF THE 2ND
Alabama Shakes batting - Pitching for Grand Rapids Dutch Ovens : RHP Jesús Gonzáles
Batting: RHB Cristóbal Calderón 0-0: SOLO HOME RUN (Flyball, 9LD), Distance : 348 ft
Batting: RHB Bruce Foley 0-0: Ball
1-0: Ball
2-0: Called Strike
2-1: Ball
3-1: Called Strike
3-2: Base on Balls
Batting: LHB Jonathan Martin 0-0: Ball
1-0: Called Strike
1-1: Called Strike
1-2: Strikes out looking
Batting: RHB Will Hinkle 0-0: Called Strike
0-1: Ball
1-1: Foul Ball, location: 2F
1-2: Foul Ball, location: 2F
1-2: Ball
2-2: Strikes out looking
Batting: RHB Ben Martínez 0-0: Fly out, F8 (Flyball, 8RS)
Bottom of the 2nd over - 1 run, 1 hit, 0 errors, 1 left on base; Grand Rapids 1 - Alabama 1
TOP OF THE 3RD
Grand Rapids Dutch Ovens batting - Pitching for Alabama Shakes : LHP Tony Ornelas
Batting: RHB Weldon Bell 0-0: Ball
1-0: Called Strike
1-1: Fly out, F4 (Line Drive, 4)
Batting: RHB Earl Davis 0-0: Called Strike
0-1: Ball
1-1: Ball
2-1: Ball
3-1: Base on Balls
Batting: RHB Jason Philip 0-0: Ball
1-0: Called Strike
1-1: Foul Ball, location: 2F
1-2: Strikes out swinging
Batting: RHB Víctor López 0-0: Ball
1-0: DOUBLE (Line Drive, 8RXD)
Earl Davis to third
Batting: RHB Gustavo López 0-0: Ball
1-0: Ball
2-0: Ground out 1-3 (Groundball, 13S)
Top of the 3rd over - 0 runs, 1 hit, 0 errors, 2 left on base; Grand Rapids 1 - Alabama 1
BOTTOM OF THE 3RD
Alabama Shakes batting - Pitching for Grand Rapids Dutch Ovens : RHP Jesús Gonzáles
Batting: RHB Zhong-xian Pai 0-0: Ground out 4-3 (Groundball, 4)
Batting: SHB Artie Adams 0-0: Foul Ball, location: 2F
0-1: Called Strike
0-2: Fly out, F5 (Popup, 56)
Batting: RHB Joe Farrell 0-0: Ball
1-0: Ball
2-0: Fly out, F7 (Flyball, 78D)
Bottom of the 3rd over - 0 runs, 0 hits, 0 errors, 0 left on base; Grand Rapids 1 - Alabama 1
TOP OF THE 4TH
Grand Rapids Dutch Ovens batting - Pitching for Alabama Shakes : LHP Tony Ornelas
Batting: RHB Ray Bray 0-0: Ball
1-0: Foul Ball, location: 2F
1-1: Ball
2-1: Ball
3-1: Fly out, F3 (Popup, 3)
Batting: RHB Mike Best 0-0: Ground out U3 (Groundball, 34S)
Batting: RHB Ismael Mojica 0-0: Ball
1-0: Ball
2-0: Ball
3-0: Base on Balls
Batting: LHB Chris Russell 0-0: Ball
Ismael Mojica steals 2nd base
1-0: Foul Ball, location: 2F
1-1: Foul Ball, location: 2F
1-2: Foul Ball, location: 2F
1-2: Foul Ball, location: 2F
1-2: Ball
2-2: Foul Ball, location: 2F
2-2: Ball
3-2: Base on Balls
Batting: RHB Weldon Bell 0-0: Ball
1-0: Foul Ball, location: 2F
1-1: Fly out, F6 (Flyball, 6D)
Top of the 4th over - 0 runs, 0 hits, 0 errors, 2 left on base; Grand Rapids 1 - Alabama 1
BOTTOM OF THE 4TH
Alabama Shakes batting - Pitching for Grand Rapids Dutch Ovens : RHP Jesús Gonzáles
Batting: RHB Greg Nichols 0-0: Called Strike
0-1: Called Strike
0-2: Strikes out swinging
Batting: RHB Cristóbal Calderón 0-0: Ball
1-0: SINGLE (Line Drive, 34)
Batting: RHB Bruce Foley 0-0: Called Strike
0-1: Ball
1-1: Called Strike
1-2: Fly out, F8 (Line Drive, 8LM)
Batting: LHB Jonathan Martin 0-0: Called Strike
0-1: Fly out, F6 (Popup, 6MD)
Bottom of the 4th over - 0 runs, 1 hit, 0 errors, 1 left on base; Grand Rapids 1 - Alabama 1
TOP OF THE 5TH
Grand Rapids Dutch Ovens batting - Pitching for Alabama Shakes : LHP Tony Ornelas
Batting: RHB Earl Davis 0-0: Ball
1-0: Ball
2-0: Ball
3-0: Called Strike
3-1: Fly out, F9 (Flyball, 89M)
Batting: RHB Jason Philip 0-0: Ball
1-0: Fly out, F8 (Flyball, 8LS)
Batting: RHB Víctor López 0-0: Ball
1-0: Fly out, F4 (Line Drive, 4)
Top of the 5th over - 0 runs, 0 hits, 0 errors, 0 left on base; Grand Rapids 1 - Alabama 1
BOTTOM OF THE 5TH
Alabama Shakes batting - Pitching for Grand Rapids Dutch Ovens : RHP Jesús Gonzáles
Batting: RHB Will Hinkle 0-0: Swinging Strike
0-1: SINGLE (Line Drive, 89S)
Batting: RHB Ben Martínez 0-0: Called Strike
0-1: Ball
1-1: Ball
2-1: Called Strike
2-2: Strikes out swinging
Batting: RHB Zhong-xian Pai 0-0: Fielders Choice at 2nd, 4-6 (Groundball, 4)
Batting: SHB Artie Adams 0-0: Foul Ball, location: 2F
0-1: Ball
1-1: Foul Ball, location: 2F
1-2: Ball
Zhong-xian Pai steals 2nd base
2-2: Ball
3-2: Fly out, F5 (Popup, 56S)
Bottom of the 5th over - 0 runs, 1 hit, 0 errors, 1 left on base; Grand Rapids 1 - Alabama 1
TOP OF THE 6TH
Grand Rapids Dutch Ovens batting - Pitching for Alabama Shakes : LHP Tony Ornelas
Batting: RHB Gustavo López 0-0: Ball
1-0: Ground out 5-3 (Groundball, 56)
Batting: RHB Ray Bray 0-0: SINGLE (Line Drive, 78S)
Batting: RHB Mike Best 0-0: Called Strike
0-1: Ball
1-1: Fly out, F9 (Flyball, 9)
Batting: RHB Ismael Mojica 0-0: Called Strike
Ray Bray is caught stealing 2nd base
Top of the 6th over - 0 runs, 1 hit, 0 errors, 0 left on base; Grand Rapids 1 - Alabama 1
BOTTOM OF THE 6TH
Alabama Shakes batting - Pitching for Grand Rapids Dutch Ovens : RHP Jesús Gonzáles
Batting: RHB Joe Farrell 0-0: Called Strike
0-1: Ball
1-1: Ball
2-1: Ball
3-1: Called Strike
3-2: Fly out, F9 (Flyball, 9LD)
Batting: RHB Greg Nichols 0-0: Swinging Strike
0-1: Swinging Strike
0-2: Ball
1-2: Foul Ball, location: 2F
1-2: Ball
2-2: Foul Ball, location: 2F
2-2: Strikes out swinging
Batting: RHB Cristóbal Calderón 0-0: Ball
1-0: Fly out, F7 (Flyball, 78M)
Bottom of the 6th over - 0 runs, 0 hits, 0 errors, 0 left on base; Grand Rapids 1 - Alabama 1
TOP OF THE 7TH
Grand Rapids Dutch Ovens batting - Pitching for Alabama Shakes : LHP Tony Ornelas
Batting: RHB Ismael Mojica 0-0: Called Strike
0-1: Foul Ball, location: 2F
0-2: Ball
1-2: Ball
2-2: Reached on error, E1 (Groundball, 15S)
Batting: LHB Chris Russell 0-0: Ball
1-0: Ball
2-0: Called Strike
2-1: DOUBLE (Groundball, 3D)
Ismael Mojica to third
Batting: RHB Weldon Bell 0-0: Ball
1-0: Foul Ball, location: 2F
1-1: Called Strike
1-2: Ball
2-2: Ground out 1-3 (Groundball, 13S)
Batting: RHB Earl Davis 0-0: Ball
1-0: Swinging Strike
1-1: Fly out, F7 (Flyball, 78M)
Runner from 3rd tags up, SCORES, throw made
Batting: RHB Jason Philip 0-0: Ball
1-0: Called Strike
1-1: Ball
2-1: Swinging Strike
2-2: Ground out 5-3 (Groundball, 56)
Top of the 7th over - 1 run, 1 hit, 1 error, 1 left on base; Grand Rapids 2 - Alabama 1
BOTTOM OF THE 7TH
Alabama Shakes batting - Pitching for Grand Rapids Dutch Ovens : RHP Jesús Gonzáles
Batting: RHB Bruce Foley 0-0: Ground out 6-3 (Groundball, 6)
Batting: LHB Jonathan Martin 0-0: Ball
1-0: Ball
2-0: Ground out 5-3 (Groundball, 5L)
Batting: RHB Will Hinkle 0-0: Ball
1-0: Ball
2-0: SINGLE (Line Drive, 7S)
Pitching: RHP Florêncio Gondar
Pinch Hitting: LHB Edgardo Molina 0-0: Called Strike
0-1: Ball
1-1: Swinging Strike
1-2: Strikes out swinging
Bottom of the 7th over - 0 runs, 1 hit, 0 errors, 1 left on base; Grand Rapids 2 - Alabama 1
TOP OF THE 8TH
Grand Rapids Dutch Ovens batting - Pitching for Alabama Shakes : LHP Tony Ornelas
Pitching: RHP Raúl Pérez
Now at 2B: Darrell McCoy
Batting: RHB Víctor López 0-0: Ball
1-0: SINGLE (Groundball, 56D)
Pinch Hitting: SHB Karl Webster 0-0: Called Strike
0-1: Foul Ball, location: 2F
0-2: Ball
1-2: Ball
2-2: Fly out, F9 (Flyball, 89S)
Pinch Hitting: LHB Al Cramer 0-0: Ball
1-0: Ball
2-0: Reached on error, E3 (Groundball, 34S)
Víctor López to third
Batting: RHB Mike Best 0-0: Called Strike
0-1: Called Strike
0-2: Ball
1-2: Strikes out looking
Batting: RHB Ismael Mojica 0-0: SINGLE (Groundball, 56D)
Víctor López scores
Al Cramer to third
Runner from 3rd tries for Home, SAFE, no throw
Batting: LHB Chris Russell 0-0: Called Strike
0-1: Ball
Ismael Mojica is caught stealing 2nd base
Top of the 8th over - 2 runs, 2 hits, 1 error, 0 left on base; Grand Rapids 4 - Alabama 1
BOTTOM OF THE 8TH
Alabama Shakes batting - Pitching for Grand Rapids Dutch Ovens : RHP Florêncio Gondar
Now at SS: Karl Webster
Now in CF: Al Cramer
Batting: RHB Zhong-xian Pai 0-0: Ground out 4-3 (Groundball, 34)
Batting: SHB Artie Adams 0-0: Ball
1-0: Foul Ball, location: 2F
1-1: Ball
2-1: SINGLE (Line Drive, 78S)
Batting: RHB Joe Farrell 0-0: Ball
1-0: Foul Ball, location: 2F
1-1: Grounds into double play, 5-4-3 (Groundball, 56)
Bottom of the 8th over - 0 runs, 1 hit, 0 errors, 0 left on base; Grand Rapids 4 - Alabama 1
TOP OF THE 9TH
Grand Rapids Dutch Ovens batting - Pitching for Alabama Shakes : RHP Raúl Pérez
Pitching: RHP Joel Cobb
Batting: LHB Chris Russell 0-0: Called Strike
0-1: Fly out, F8 (Flyball, 78D)
Batting: RHB Weldon Bell 0-0: Fly out, F7 (Flyball, 7)
Batting: RHB Earl Davis 0-0: Ball
1-0: SOLO HOME RUN (Flyball, 7LD), Distance : 341 ft
Batting: RHB Jason Philip 0-0: Ball
1-0: Foul Ball, location: 2F
1-1: Ball
2-1: Swinging Strike
2-2: Ball
3-2: Strikes out swinging
Top of the 9th over - 1 run, 1 hit, 0 errors, 0 left on base; Grand Rapids 5 - Alabama 1
BOTTOM OF THE 9TH
Alabama Shakes batting - Pitching for Grand Rapids Dutch Ovens : RHP Florêncio Gondar
Batting: RHB Greg Nichols 0-0: Ball
1-0: Foul Ball, location: 2F
1-1: Foul Ball, location: 2F
1-2: SINGLE (Line Drive, 7S)
Batting: RHB Cristóbal Calderón 0-0: Ball
1-0: Ball
2-0: 2-RUN HOME RUN (Flyball, 7LD), Distance : 337 ft
Pitching: RHP Ethan Knight
Batting: RHB Bruce Foley 0-0: Ball
1-0: Fly out, F9 (Flyball, 89M)
Batting: LHB Jonathan Martin 0-0: Ball
1-0: Ball
2-0: Ball
3-0: Called Strike
3-1: Base on Balls
Pinch Hitting: RHB Chris Barker 0-0: Ball
1-0: Swinging Strike
1-1: Foul Ball, location: 2F
1-2: SINGLE (Groundball, 3D)
Jonathan Martin to second
Pinch Hitting: RHB Matt Bascombe 0-0: Fly out, F4 (Popup, 34D)
Batting: RHB Zhong-xian Pai 0-0: Called Strike
0-1: Ground out 4-3 (Groundball, 4)
Bottom of the 9th over - 2 runs, 3 hits, 0 errors, 2 left on base; Grand Rapids 5 - Alabama 3
Saturday, December 16th, 2017 - OOTP Baseball 18.8 Build 76